 Dungeon Crawl Stone Soup version 0.30-a0-802-gb92711bcdf (console) character file.

Game seed: 6433352124159943027

76021 capslocke the Warrior (level 15, -1/143 HPs)
             Began as a Ghoul Gladiator on Feb 25, 2023.
             Was a Believer of Uskayaw.
             Slain by a merfolk
             ... wielding a +0 trident
             ... led by a merfolk aquamancer
              (3 damage)
             ... on level 1 of the Shoals.
             The game lasted 01:22:33 (23848 turns).

capslocke the Warrior (Ghoul Gladiator)            Turns: 23848, Time: 01:22:34

Health: -1/143     AC: 14    Str: 36    XL:     15   Next: 52%
Magic:  14/14      EV: 15    Int:  3    God:    Uskayaw [**....]
Gold:   1008       SH:  0    Dex: 15    Spells: 14/14 levels left

rFire   + . .      SeeInvis .    Y - +9 dire flail (freeze)
rCold   + + +      Faith    +    (shield currently unavailable)
rNeg    + + +      Spirit   .    x - +0 chain mail {rF+}
rPois   ∞          Reflect  .    z - +2 hat {Will+}
rElec   .          Harm     .    (no cloak)
rCorr   .          Rampage  .    U - +0 pair of gloves
Will    ++...                    w - +2 pair of boots "Ulein" {rC++ Slay+3} Stlth
                                 y - amulet "Fiaskaex" {Faith Dex+3}
HPRegen 0.00/turn                A - +6 ring of strength
MPRegen 0.14/turn                r - +6 ring of strength

@: inhibited regen, studying Armour
A: claws 1, cold resistance 1, negative energy resistance 3, inhibited
regeneration, torment resistance 2, devour on kill
a: Renounce Religion, Stomp, Line Pass


You were on level 1 of the Shoals.
You worshipped Uskayaw.
Uskayaw was noncommittal.
You visited 5 branches of the dungeon, and saw 22 of its levels.

You collected 1678 gold pieces.
You spent 670 gold pieces at shops.

Inventory:

Hand Weapons
 G - a +3 scimitar of flaming
 X - the +3 quarterstaff "capslocke's Regret" {freeze, Dex+5}
   (You found it on level 8 of the Dungeon)

   Dex:       It affects your dexterity (+5).
 Y - a +9 dire flail of freezing (weapon)
Missiles
 i - 4 silver javelins (quivered)
 Z - 6 curare-tipped darts
Armour
 f - a +1 chain mail of poison resistance
 w - the +2 pair of boots "Ulein" (worn) {rC++ Slay+3}
   (You bought it in a shop on level 2 of the Orcish Mines)

   Slay:      It affects your accuracy & damage with ranged weapons and melee
   (+3).
   rC:        It greatly protects you from cold.
 x - a +0 chain mail of fire resistance (worn)
 z - a +2 hat of willpower (worn)
 E - a +2 helmet
 M - a +3 leather armour of fire resistance
 U - a +0 pair of gloves (worn)
Jewellery
 d - a ring of flight
 g - an amulet of magic regeneration
 j - a ring of see invisible
 n - a +4 ring of protection
 o - an amulet of faith
 r - a +6 ring of strength (right hand)
 u - a ring of resist corrosion
 v - a +5 ring of evasion
 y - the amulet "Fiaskaex" (around neck) {Faith Dex+3}
   (You found it on level 1 of the Shoals)

   [amulet of faith]

   It allows you to gain divine favour quickly.
   Dex:       It affects your dexterity (+3).
 A - a +6 ring of strength (left hand)
 F - a ring of protection from fire
 O - a +6 ring of dexterity
 R - a ring of protection from fire
Wands
 b - a wand of charming (1)
 e - a wand of iceblast (7)
 t - a wand of flame (14)
 I - a wand of mindburst (4)
 K - a wand of light (8)
Scrolls
 a - a scroll of identify
 c - 2 scrolls of fog
 h - 6 scrolls of teleportation
 H - a scroll of brand weapon
 N - 3 scrolls of silence
 T - 4 scrolls of magic mapping
 V - 4 scrolls of enchant weapon
Potions
 k - 2 potions of flight
 l - 2 potions of brilliance
 m - 5 potions of mutation
 p - 3 potions of cancellation
 q - 10 potions of curing
 s - 6 potions of might
 B - 2 potions of invisibility
 D - 3 potions of magic
 J - 3 potions of lignification
 L - 4 potions of berserk rage
 W - 5 potions of resistance


   Skills:
 + Level 15.6 Fighting
 - Level 7.8(8.0) Short Blades
 + Level 1.9(5.3) Long Blades
 + Level 3.8(10.3) Axes
 + Level 14.7(15.0) Maces & Flails
 + Level 3.5(10.2) Staves
 + Level 2.9 Throwing
 + Level 12.5 Dodging
 + Level 2.3 Evocations


You had 14 spell levels left.
You didn't know any spells.
Your spell library contained the following spells:

 Spells                   Type           Power      Damage    Failure   Level
 Apportation              Tloc           0%         N/A       95%         1
 Freeze                   Ice            0%         1d3       95%         1
 Necrotise                Necr           0%         1d4       95%         1
 Sandblast                Erth           0%         2d4       95%         1
 Summon Small Mammal      Summ           0%         N/A       95%         1
 Blink                    Tloc           0%         N/A       99%         2
 Passwall                 Tmut/Erth      0%         N/A       99%         2
 Frozen Ramparts          Ice            0%         1d1       100%        3
 Hailstorm                Conj/Ice       0%         3d3       100%        3
 Stone Arrow              Conj/Erth      0%         3d7       100%        3
 Manifold Assault         Tloc           0%         N/A       100%        4
 Yara's Violent Unravell  Hex/Tmut       0%         3d3       100%        5
 Simulacrum               Ice/Necr       0%         N/A       100%        6
 Enfeeble                 Hex            0%         N/A       100%        7
 Polar Vortex             Ice            0%         N/A       100%        9
 Ice Form                 Ice/Tmut       Unusable   N/A       N/A         4
 Storm Form               Tmut/Air       Unusable   N/A       N/A         7

Dungeon Overview and Level Annotations

Branches:
Dungeon (13/15)            Temple (1/1) D:7            Lair (5/5) D:8
 Shoals (1/4) Lair:2       Spider (0/4) Lair:3        Slime (0/5) Lair:4
    Orc (2/2) D:11            Elf (0/3) Orc:2        Vaults (0/5) D:13

Altars:
Ashenzari
Cheibriados
Dithmenos
Fedhas
Gozag
Hepliaklqana
Kikubaaqudgha
Makhleb
Nemelex Xobeh
Okawaru
Qazlal
Ru
Sif Muna
Trog
Uskayaw
Vehumet
Wu Jian
Xom
Yredelemnul
Jiyva

Shops:
D:3 !   D:6 **   D:9 (   Orc:2 [*(=

Portals:
Trove: D:13 (give 2 scrolls of acquirement)

Annotations:
D:3 3 runed translucent doors, snackwell's ghost, amateur AtBe
D:4 1 transporter, tarna41's ghost, amateur DsCK
D:5 3 runed translucent doors, sirJeffrey23's ghost, novice DsFi
D:7 2 runed translucent doors
D:10 3 runed translucent doors, blahman3's ghost, novice MiFi
Lair:4 3 runed translucent doors, STHMFLV's ghost, journeyman NaCj


Innate Abilities, Weirdness & Mutations

You are immune to poison.
You have sharp fingernails.
Your flesh is cold resistant. (rC+)
You are immune to negative energy. (rN+++)
You do not regenerate when monsters are visible.
You are immune to unholy pain and torment.
You thrive by killing the living.


Message History

The harpy claws you but does no damage. x2; The harpy completely misses you.
The harpy claws you but does no damage. The merfolk barely misses you.
A harpy comes into view.
You hit the skyshark.
The skyshark seems to slow down.
You freeze the skyshark.
The skyshark is severely wounded.
You impale the skyshark!! You freeze the skyshark!
You kill the skyshark!
The harpy closely misses you. x2; The harpy claws you.
* * * LOW HITPOINT WARNING * * *
The harpy barely misses you.
The merfolk hits you from afar with a +0 trident.
* * * LOW HITPOINT WARNING * * *
You bludgeon the harpy!! You freeze the harpy.
The harpy is almost dead.
The harpy claws you.
* * * LOW HITPOINT WARNING * * *
The harpy barely misses you.
The merfolk hits you from afar with a +0 trident!
* * * LOW HITPOINT WARNING * * *
Okay, then.
As you read the scroll of fear, it crumbles to dust.
You assume a fearsome visage.
The harpy looks frightened! x3
The merfolk looks frightened!
Uskayaw prepares the audience for your solo!
The merfolk is no longer paralysed.
You start resting.
A harpy is nearby!
The harpy claws you but does no damage. The harpy claws you!
* * * LOW HITPOINT WARNING * * *
You can no longer pass through a line of other dancers.
You impale the harpy!! You freeze the harpy!
The harpy is severely wounded.
The harpy claws you.
* * * LOW HITPOINT WARNING * * *
The harpy claws you.
* * * LOW HITPOINT WARNING * * *
You can now pass through a line of other dancers.
The harpy claws you but does no damage. The harpy completely misses you.
The merfolk hits you with a +0 trident.
You die...

#.$..)..~~~~~~~~ #....†.~~~~~≈~~.
~ #....)..~~~~≈~~. ≈≈
#........~~≈~≈~. ≈≈≈
#........~~~~≈≈~ ≈≈≈~
#........[~~)~≈. ≈≈~~~
#.........~~.~.#
≈≈~~~~#####........P~...##
≈≈~~~~~..@mH.......PP.....
≈≈≈≈≈≈≈≈~~~~~~~~~~~~.....P.......
≈≈≈≈≈≈≈~~~~~~~~~~..~.######.###..
≈≈≈≈~~~~~~~~~~~....~~.### ### .#
≈≈≈~~~~~~~~~~~~...~~~...# ## #
≈≈≈~~~~~~~~~.~..#.~~~~~.## ..#
≈~~~~~~...~~.~..##~~~~~..###.#
~~~~~~~....~~~....~~~~~.....##
~~~~~~~~...~~.)...~~~~.......##


You could see a merfolk and a harpy.

Vanquished Creatures
  Gastronok (Lair:1)
  2 orc warlords (Orc:1)
  A dire elephant (Lair:5)
  Nessos (D:12)
  Azrael (D:12)
  A fire dragon (D:13)
  Josephine (D:12)
  2 hydras (Lair:2)
  An ogre mage (Orc:2)
  A catoblepas (Lair:5)
  8 two-headed ogres
  A merfolk aquamancer (Shoals:1)
  3 centaur warriors (D:13)
  10 death yaks
  A boulder beetle (Lair:3)
  A deep troll shaman (Lair:5)
  Sonja (D:12)
  3 orc high priests
  2 skysharks (Shoals:1)
  Pikel (D:9)
  A phantasmal warrior (D:13)
  2 harpies (Shoals:1)
  3 orc knights
  5 orc sorcerers
  2 cyclopes (D:11)
  4 merfolk sirens
  9 black mambas
  9 elephants
  A gargoyle (D:10)
  3 unseen horrors
  A rime drake (Lair:3)
  11 cane toads
  8 komodo dragons
  An efreet (D:13)
  2 kobold demonologists
  9 polar bears
  3 merfolk (Shoals:1)
  7 trolls
  A troll (shapeshifter) (D:13)
  A hornet (D:8)
  2 snapping turtles (Shoals:1)
  13 blink frogs
  12 dream sheep
  A shadow (D:9)
  Sigmund (D:2)
  5 wyverns
  2 water elementals (Shoals:1)
  46 yaks
  5 wraiths
  5 fire elementals (D:12)
  A human (D:11)
  2 steam dragons
  Eustachio (D:6)
  5 vampire mosquitoes (D:13)
  4 wargs
  5 water moccasins
  3 hell hounds (D:12)
  An acid dragon (D:12)
  Duvessa (D:6)
  27 orc warriors
  3 black bears
  3 ice beasts (D:7)
  A sky beast (D:8)
  3 ogres
  11 wolves (Lair:5)
  8 centaurs
  5 kobold brigands
  2 phantoms (D:5)
  18 bullfrogs
  A necrophage (D:7)
  4 scorpions
  5 wights (D:9)
  Dowan (D:6)
  7 killer bees
  An electric eel (Lair:1)
  2 howler monkeys (D:11)
  3 jellies
  A hound (D:4)
  20 orc priests
  2 gnoll boudas
  2 iguanas (D:5)
  Terence (D:2)
  19 orc wizards
  A howler monkey zombie (D:3)
  11 gnolls
  3 adders
  A shadow imp (D:5)
  5 white imps
  An adder zombie (D:3)
  A worm (D:3)
  A dart slug (D:2)
  68 orcs
  5 ball pythons
  12 endoplasms
  4 giant cockroaches
  25 goblins
  18 hobgoblins
  40 kobolds
  5 quokkas
  A bat (D:1)
  4 frilled lizards
  4 rats
  A butterfly (Lair:3)
602 creatures vanquished.

Vanquished Creatures (collateral kills)
  An orc warrior (Orc:2)
  An orc priest (Orc:2)
  An orc wizard (Orc:2)
  2 orcs (Orc:2)
5 creatures vanquished.

Vanquished Creatures (others)
  4 slime creatures (D:12)
  30 fungi
  28 plants
  A withered plant (D:2)
63 creatures vanquished.

Grand Total: 670 creatures vanquished

Notes
Turn   | Place    | Note
-------+----------+-------------------------------------------
     0 | D:1      | capslocke the Ghoul Gladiator began the quest for the Orb.
     0 | D:1      | Reached XP level 1. HP: 17/17 MP: 0/0
   135 | D:1      | Reached XP level 2. HP: 24/24 MP: 1/1
   659 | D:2      | Reached XP level 3. HP: 19/30 MP: 2/2
   926 | D:2      | Noticed Terence
   938 | D:2      | Killed Terence
   939 | D:2      | Reached skill level 1 in Short Blades
   939 | D:2      | Reached XP level 4. HP: 29/37 MP: 3/3
  1117 | D:2      | Found a faded altar of an unknown god.
  1130 | D:2      | Noticed Sigmund
  1150 | D:2      | Killed Sigmund
  1151 | D:2      | Reached skill level 3 in Fighting
  1151 | D:2      | Reached XP level 5. HP: 8/45 MP: 4/4
  1386 | D:2      | Reached XP level 6. HP: 51/51 MP: 5/5
  1589 | D:3      | Found a runed translucent gate.
  1589 | D:3      | Found a runed translucent gate.
  1589 | D:3      | Found a runed translucent gate.
  1589 | D:3      | Noticed snackwell's ghost (amateur AtBe)
  1591 | D:3      | Found a basalt altar of Yredelemnul.
  1685 | D:3      | Found Asingadd's Distillery.
  1694 | D:3      | Bought a potion of curing for 39 gold pieces
  1694 | D:3      | Bought a potion of heal wounds for 65 gold pieces
  2196 | D:4      | Found a burning altar of Makhleb.
  2590 | D:4      | Reached XP level 7. HP: 33/58 MP: 6/6
  2735 | D:4      | Noticed tarna41's ghost (amateur DsCK)
  2737 | D:4      | Found a transporter.
  2972 | D:5      | Entered Level 5 of the Dungeon
  2986 | D:5      | Found a runed translucent gate.
  2987 | D:5      | Found a runed translucent gate.
  2987 | D:5      | Noticed sirJeffrey23's ghost (novice DsFi)
  2988 | D:5      | Found a runed translucent gate.
  3106 | D:5      | Reached skill level 4 in Fighting
  3106 | D:5      | Reached skill level 5 in Short Blades
  3440 | D:5      | Reached XP level 8. HP: 66/66 MP: 7/7
  3475 | D:5      | Noticed a two-headed ogre
  3493 | D:5      | Killed a two-headed ogre
  3494 | D:5      | Reached skill level 5 in Dodging
  3957 | D:5      | Reached skill level 5 in Fighting
  4282 | D:6      | Reached XP level 9. HP: 74/74 MP: 8/8
  4558 | D:6      | Found Zin's Purification Station.
  4671 | D:6      | Noticed Duvessa
  4671 | D:6      | Noticed Dowan
  4689 | D:6      | Killed Duvessa
  4705 | D:6      | Killed Dowan
  4955 | D:6      | Found an opulent altar of Gozag.
  4956 | D:6      | Found Gozag's Platinum Reserve.
  5094 | D:6      | Noticed Eustachio
  5118 | D:6      | Killed Eustachio
  5638 | D:7      | Found a hazy altar of Hepliaklqana.
  5655 | D:7      | Found a staircase to the Ecumenical Temple.
  5668 | D:7      | Found a shimmering blue altar of Sif Muna.
  5709 | D:7      | Reached skill level 6 in Fighting
  5810 | D:7      | Found a large runed translucent door.
  5810 | D:7      | Found a large runed translucent door.
  5847 | D:7      | Noticed a two-headed ogre
  5865 | D:7      | Found a large runed translucent door.
  5865 | D:7      | Found a large runed translucent door.
  5890 | D:7      | Killed a two-headed ogre
  5891 | D:7      | Reached skill level 7 in Fighting
  5920 | D:7      | Killed an unseen horror
  5921 | D:7      | Reached XP level 10. HP: 44/86 MP: 2/9
  6652 | D:7      | Reached skill level 8 in Fighting
  6838 | D:7      | Noticed a kobold demonologist
  6853 | D:7      | Killed a kobold demonologist
  7216 | Temple   | Entered the Ecumenical Temple
  7398 | Temple   | Became a worshipper of Uskayaw the Reveller
  7477 | D:8      | Reached * piety under Uskayaw
  7494 | D:8      | Reached ** piety under Uskayaw
  7497 | D:8      | Reached skill level 9 in Fighting
  7501 | D:8      | Reached *** piety under Uskayaw
  7614 | D:8      | Identified the +3 quarterstaff "capslocke's Regret"
                  | {freeze, Dex+5}
  7804 | D:8      | Reached skill level 1 in Staves
  7902 | D:8      | Found a staircase to the Lair.
  8189 | D:9      | Noticed Pikel
  8195 | D:9      | Killed Pikel
  8196 | D:9      | Reached skill level 10 in Dodging
  8196 | D:9      | Reached XP level 11. HP: 88/97 MP: 8/10
  8198 | D:9      | Reached **** piety under Uskayaw
  8202 | D:9      | Reached ***** piety under Uskayaw
  8204 | D:9      | Noticed a two-headed ogre
  8215 | D:9      | Killed a two-headed ogre
  8215 | D:9      | Reached ****** piety under Uskayaw
  8496 | D:9      | Reached skill level 10 in Fighting
  8581 | D:9      | Found a broken altar of Ashenzari.
  8588 | D:9      | Reached skill level 1 in Maces & Flails
  8745 | D:9      | Got the Volume of Hypothermia
  8793 | D:9      | Found Ytod's Weapon Emporium.
  8944 | D:10     | Entered Level 10 of the Dungeon
  9228 | D:10     | Found a runed translucent gate.
  9229 | D:10     | Found a runed translucent gate.
  9230 | D:10     | Found a runed translucent gate.
  9434 | D:10     | Noticed blahman3's ghost (novice MiFi)
  9487 | D:11     | Noticed a cyclops
  9500 | D:11     | Killed a cyclops
  9601 | D:11     | Found a staircase to the Orcish Mines.
 10011 | D:11     | Found a sacrificial altar of Ru.
 10062 | D:11     | Noticed a cyclops
 10070 | D:11     | Killed a cyclops
 10149 | D:11     | Reached skill level 5 in Maces & Flails
 10367 | D:11     | Noticed a two-headed ogre
 10375 | D:11     | Killed a two-headed ogre
 10683 | D:12     | Noticed Azrael
 10684 | D:12     | Noticed Nessos
 10905 | D:12     | Noticed Josephine
 10917 | D:12     | Killed Josephine
 10918 | D:12     | Reached XP level 12. HP: 94/107 MP: 9/11
 11266 | D:12     | Noticed Sonja
 11276 | D:12     | Killed Sonja
 11318 | D:12     | Killed Nessos
 11544 | D:12     | Killed Azrael
 11811 | D:12     | Reached skill level 11 in Fighting
 12401 | D:13     | Noticed a centaur warrior
 12411 | D:13     | Killed a centaur warrior
 12511 | D:13     | Noticed a centaur warrior
 12521 | D:13     | Killed a centaur warrior
 12670 | D:13     | Noticed a centaur warrior
 12682 | D:13     | Killed a centaur warrior
 13063 | D:13     | Noticed a fire dragon
 13076 | D:13     | Killed a fire dragon
 13088 | D:13     | Reached skill level 1 in Evocations
 13313 | D:13     | Found a gate to the Vaults.
 13575 | D:13     | Found a portal to a secret trove of treasure.
 13712 | Orc:1    | Entered Level 1 of the Orcish Mines
 13743 | Orc:1    | Noticed an orc warlord
 13960 | D:11     | Reached XP level 13. HP: 74/116 MP: 12/12
 14162 | Lair:1   | Entered Level 1 of the Lair of Beasts
 14180 | Lair:1   | Reached skill level 10 in Maces & Flails
 14579 | Lair:1   | Reached skill level 12 in Fighting
 14730 | Lair:1   | Found a frozen archway.
 15136 | Lair:1   | Noticed Gastronok
 15147 | Lair:1   | Killed Gastronok
 16270 | Lair:2   | Reached skill level 1 in Long Blades
 16604 | Lair:2   | Found a staircase to the Shoals.
 16952 | Lair:3   | Reached XP level 14. HP: 127/127 MP: 13/13
 17165 | Lair:3   | Reached skill level 13 in Fighting
 17420 | Lair:3   | Found a hole to the Spider Nest.
 18377 | Lair:4   | Found a runed translucent gate.
 18377 | Lair:4   | Found a runed translucent gate.
 18377 | Lair:4   | Found a runed translucent gate.
 18377 | Lair:4   | Found a viscous altar of Jiyva.
 18377 | Lair:4   | Noticed an acid blob
 18377 | Lair:4   | Noticed an acid blob
 18377 | Lair:4   | Noticed STHMFLV's ghost (journeyman NaCj)
 18377 | Lair:4   | Noticed an azure jelly
 18377 | Lair:4   | Noticed an acid blob
 18377 | Lair:4   | Noticed a rockslime
 18377 | Lair:4   | Noticed an acid blob
 18398 | Lair:4   | Found a viscous altar of Jiyva.
 18399 | Lair:4   | Found a staircase to the Slime Pits.
 18904 | Lair:5   | Entered Level 5 of the Lair of Beasts
 19846 | Lair:5   | Reached skill level 14 in Fighting
 20111 | Lair:5   | Noticed a dire elephant
 20140 | Lair:5   | Killed a dire elephant
 20992 | Orc:1    | Killed an orc warlord
 21306 | Orc:2    | Entered Level 2 of the Orcish Mines
 21306 | Orc:2    | Found a burning altar of Makhleb.
 21329 | Orc:2    | Reached XP level 15. HP: 101/139 MP: 14/14
 21462 | Orc:2    | Found a staircase to the Elven Halls.
 22360 | Orc:2    | Noticed an orc warlord
 22372 | Orc:2    | Reached skill level 15 in Fighting
 22377 | Orc:2    | HP: 2/141 [barbs]
 22383 | Orc:2    | HP: 7/141 [barbs]
 22712 | Orc:1    | Killed an orc warlord
 23110 | Orc:2    | Found Oxutomal's Antique Armour Shoppe.
 23111 | Orc:2    | Found Lewi's Antique Weapon Shoppe.
 23113 | Orc:2    | Found Zykhlerog's General Store.
 23113 | Orc:2    | Found Vajumak's Jewellery Emporium.
 23118 | Orc:2    | Bought a pair of faintly humming boots for 237 gold pieces
 23118 | Orc:2    | Identified the +2 pair of boots "Ulein" {rC++ Slay+3} (You
                  | bought it in a shop on level 2 of the Orcish Mines)
 23128 | Orc:2    | Bought a bloodstained short sword for 168 gold pieces
 23128 | Orc:2    | Identified the +1 short sword of Courage {flame, Contam rC+
                  | Dex+5} (You bought it in a shop on level 2 of the Orcish
                  | Mines)
 23140 | Orc:2    | Bought a +0 chain mail of fire resistance for 161 gold
                  | pieces
 23392 | Shoals:1 | Entered Level 1 of the Shoals
 23397 | Shoals:1 | Identified the amulet "Fiaskaex" {Faith Dex+3}
 23847 | Shoals:1 | HP: 3/143 [harpy (5)]
 23848 | Shoals:1 | Slain by a merfolk

Illustrated notes

Levels and vault maps discovered:
D:1:      amcnicky_arrival_gap_in_the_tavern_cellar, layout_loops_cross
D:2:      cheibrodos_greedy_goblins, layout_rooms,
          ebering_ecumenical_altar_petrified, nrook_loot_triangle,
          minmay_octomino_j4, uniq_terence, uniq_sigmund
D:3:      layout_rooms, nicolae_yredelemnul_ghost_church, marbit_many_paths,
          serial_shops, nicolae_shop_waterfront, grunt_decor_fettered
D:4:      layout_loops_ring, general_overflow_altar, gammafunk_ghost_smash
D:5:      layout_basic, gammafunk_ghost_nasty_kobolds
D:6:      corexii_shantytown, layout_basic, zin_purify,
          mainiacjoe_overflow_24_doors, nicolae_gozag_zags_fifth_avenue,
          grunt_ministairs_10, chequers_serial_rivers_small_a, uniq_duvessa,
          uniq_eustachio
D:7:      layout_loops_ring, mainiacjoe_overflow_catwalk_spiral,
          minmay_temple_entry_gardened_gates, minmay_hollow_rounded_squares
D:8:      layout_loops_ring, david_lair_shrubbed, kennysheep_generic_room_10
D:9:      layout_rooms, nicolae_ashenzari_panopticon, serial_shops, shop,
          uniq_pikel
D:10:     layout_rooms, gammafunk_ghost_necromancy
D:11:     layout_irregular_city, erik_orc_4, nicolae_ru_awakened_eye
D:12:     layout_loops_corners, uniq_nessos, uniq_josephine, uniq_azrael,
          uniq_sonja
D:13:     layout_loops_ring, david_vaults_4, enter_trove_6
Temple:   nicolae_temple_bog_church
Lair:1:   layout_loops_ring, portal_ice_cave_entry_pillars_1,
          amcnicky_mini_pool_medium, grunt_megastairs_4, uniq_gastronok
Lair:2:   layout_loops_ring, minmay_shoals_entry_lonely_mermaid, st_stairs_13,
          lemuel_fruit_tree, lemuel_fruit_fields
Lair:3:   layout_regular_city, dummy_spider_entry,
          nicolae_volcano_entry_two_sided, gammafunk_lair_bear_cave,
          grunt_megastairs_5, lemuel_fruit_fields
Lair:4:   layout_concentric_octagons, slime_entry_1, gammafunk_ghost_ooze,
          beast_lair_carwin_11
Lair:5:   grunt_lair_end_beastmaster, layout_regular_city, serial_rivers,
          chequers_serial_rivers_micro_c, chequers_serial_rivers_micro_b,
          chequers_serial_rivers_small_a, chequers_serial_rivers_small_3,
          chequers_serial_rivers_micro_d, chequers_serial_rivers_small_3,
          lemuel_fruit_fields, infiniplex_staircase_pool
Shoals:1: layout_shoals, nicolae_shop_firing_range
Orc:1:    layout_caves
Orc:2:    st_orc_congregation, layout_diamond_mine, bloody_makhleb

Skill      XL: |  1  2  3  4  5  6  7  8  9 10 11 12 13 14 15 |
---------------+----------------------------------------------+-----
Axes           | 3 |  3.8
Dodging        | 3 4 5 8 10 11 12 | 12.5
Throwing       | 2 |  2.9
Short Blades   | 1 2 4 5 7 |  7.8
Fighting       | 3 4 5 7 9 10 11 12 14 15 | 15.6
Staves         | 1 3 |  3.5
Maces & Flails | 6 9 12 14 | 14.7
Evocations     | 1 2 |  2.3
Long Blades    | 1 |  1.9

Action                     |  1- 3 |  4- 6 |  7- 9 | 10-12 | 13-15 || total
---------------------------+-------+-------+-------+-------+-------++-------
  Melee: War axe           |    27 |       |       |       |       ||    27
         Short sword       |    55 |   172 |   443 |   258 |       ||   928
         Punch             |       |     1 |     6 |     7 |       ||    14
         Quarterstaff      |       |       |       |    53 |       ||    53
         Dire flail        |       |       |       |   356 |   764 ||  1120
         Scimitar          |       |       |       |       |    11 ||    11
  Throw: Throwing net      |     1 |       |     2 |     1 |       ||     4
         Javelin           |       |       |       |       |     7 ||     7
 Invoke: Stomp             |       |       |       |       |     2 ||     2
         Line Pass         |       |       |       |       |     1 ||     1
  Evoke: Wand              |       |       |       |     7 |    10 ||    17
    Use: Scroll            |       |       |    10 |    16 |    15 ||    41
         Potion            |       |       |     4 |       |     8 ||    12
   Stab: Held in net/web   |       |       |     2 |       |       ||     2
         Paralysed         |       |       |       |    25 |    56 ||    81
         Petrified         |       |       |       |       |     8 ||     8
 Armour: Leather armour    |    17 |    22 |    67 |   144 |    84 ||   334
         Robe              |       |       |     4 |       |       ||     4
         Chain mail        |       |       |       |       |   116 ||   116
  Dodge: Dodged            |    54 |   117 |   268 |   756 |   450 ||  1645

Table legend: (Time is in decaauts)
 A = Elapsed time spent in this place.
 B = Non-inter-level travel time spent in this place.
 C = Inter-level travel time spent in this place.
 D = Time resting spent in this place.
 E = Time spent auto-exploring this place.
 F = Levels seen in this place.
 G = Mean time per level.
                   A        B        C        D        E       F      G
               +--------+--------+--------+--------+--------+-----+--------+
         Total |  23344 |  22233 |   1111 |   5868 |  12334 |  22 | 1061.1 |
       Dungeon |  13890 |  13121 |    769 |   3090 |   7481 |  13 | 1068.5 |
        Temple |    200 |    184 |     16 |      0 |    170 |   1 |  200.0 |
          Lair |   6643 |   6392 |    251 |   1507 |   3974 |   5 | 1328.6 |
        Shoals |    271 |    271 |      0 |     92 |     73 |   1 |  271.0 |
  Orcish Mines |   2338 |   2265 |     73 |   1178 |    635 |   2 | 1169.0 |
               +--------+--------+--------+--------+--------+-----+--------+

Top non-repeatable levels by time:
    D:12: 1682 daAuts
  Lair:5: 1674 daAuts
  Lair:2: 1621 daAuts
    D:11: 1509 daAuts
   Orc:1: 1488 daAuts
    D:13: 1438 daAuts
  Lair:3: 1333 daAuts
     D:7: 1303 daAuts
     D:6: 1290 daAuts
     D:5: 1250 daAuts
  Lair:1: 1228 daAuts
     D:8: 1122 daAuts
   Orc:2: 849 daAuts
     D:4: 825 daAuts
     D:2: 822 daAuts
